 Dungeon Crawl Stone Soup version 0.26-a0-110-g95b6527cb0 (webtiles) character file.

Game seed: 16756129169064389332

15247 Gargoyl the Cleaver (level 11, -2/92 HPs)
             Began as a Centaur Abyssal Knight on June 23, 2020.
             Was a Priest of Lugonu.
             Slain by a polar bear (6 damage)
             ... on level 1 of the Lair of Beasts.
             The game lasted 00:20:48 (20981 turns).

Gargoyl the Cleaver (Centaur Abyssal Knight)       Turns: 20981, Time: 00:20:49

Health: -2/92      AC: 15    Str: 16    XL:     11   Next: 99%
Magic:  27/27      EV:  7    Int: 11    God:    Lugonu [***...]
Gold:   873        SH:  0    Dex: 11    Spells: 10/10 levels left

rFire    . . .     SeeInvis .   m - +5 hand axe (vorpal)
rCold    . . .     Faith    .   (no shield)
rNeg     . . .     Spirit   .   g - +0 chain mail {MR+}
rPois    .         Reflect  .   (no helmet)
rElec    .         Harm     .   d - +2 cloak
rCorr    .                      B - +1 pair of gloves
MR       ++...                  (no barding)
Stlth    ..........             p - amulet of magic regeneration
HPRegen  0.25/turn              u - ring of protection from magic
MPRegen  0.45/turn              D - ring of magical power

@: very quick
A: large, hooves 3, deformed body, speed 2, tough skin 3
a: Depart the Abyss, Bend Space, Banish, Renounce Religion


You were on level 1 of the Lair of Beasts.
You worshipped Lugonu.
Lugonu was most pleased with you.
You were not hungry.

You visited 2 branches of the dungeon, and saw 13 of its levels.
You visited the Abyss 1 time.

You collected 873 gold pieces.

Inventory:

Hand Weapons
 a - a +1 hand axe
 m - a +5 vorpal hand axe (weapon)
Armour
 d - a +2 cloak (worn)
 g - a +0 chain mail of magic resistance (worn)
 B - a +1 pair of gloves (worn)
Jewellery
 p - an amulet of magic regeneration (around neck)
 q - an uncursed ring of resist corrosion
 u - a ring of protection from magic (left hand)
 D - a ring of magical power (right hand)
Wands
 i - a wand of random effects (13)
 n - a wand of clouds (15)
 r - a wand of acid (10)
 t - a wand of paralysis (8)
 y - a wand of polymorph (7)
 z - a wand of flame (5)
Scrolls
 b - a scroll of blinking
 f - 2 scrolls of magic mapping
 j - 4 scrolls of identify
 l - 2 scrolls of teleportation
 w - a scroll of remove curse
 A - a scroll of fog
Potions
 h - a potion of ambrosia
 k - a potion of cancellation
 o - 2 potions of curing
 s - a potion of flight
 v - 7 potions of degeneration {unknown}
 x - a potion of haste
 C - 2 potions of berserk rage {unknown}
Comestibles
 c - 20 rations


   Skills:
 + Level 7.1 Fighting
 + Level 9.4 Axes
 * Level 8.5 Armour
 * Level 5.8 Dodging
 * Level 9.4 Invocations


You had 10 spell levels left.
You didn't know any spells.
Your spell library contained the following spells:

 Spells                   Type           Power        Failure   Level  Hunger
 Confusing Touch          Hex            #.......     100%        3    ####...
 Gell's Gravitas          Tloc           #.........   100%        3    ####...
 Petrify                  Tmut/Erth      #.......     100%        4    #####..
 Metabolic Englaciation   Hex/Ice        #.........   100%        5    ######.
 Yara's Violent Unravell  Hex/Tmut       #.........   100%        5    ######.


Dungeon Overview and Level Annotations

Branches:
Dungeon (11/15)            Temple (0/1) D:7            Lair (2/6) D:10
    Orc (0/2) D:11
  Swamp: Lair:2-4    Shoals: Lair:2-4     Snake: Lair:2-4    Spider: Lair:2-4

Altars:
Ashenzari
Dithmenos
Elyvilon
Fedhas
Gozag
Kikubaaqudgha
Okawaru
Ru
Trog
Uskayaw
Xom
Yredelemnul
The Shining One

Portals:
Trove: D:10 (give horn of Geryon)

Annotations:
Abyss:1 Harold


Innate Abilities, Weirdness & Mutations

You have hooves in place of feet.
Armour fits poorly on your strangely shaped body.
You cover ground very quickly.
You have extremely tough skin. (AC +3)


Message History

You barely miss the polar bear.
You kick the polar bear, but do no damage.
The polar bear is almost dead.
The polar bear bites you but does no damage.
The polar bear claws you but does no damage.
The polar bear claws you. The polar bear bites you!!
* * * LOW HITPOINT WARNING * * *
The polar bear claws you.
* * * LOW HITPOINT WARNING * * *
The polar bear claws you.
* * * LOW HITPOINT WARNING * * *
You feel much better. The polar bear bites you!!
* * * LOW HITPOINT WARNING * * *
The polar bear claws you but does no damage. x2
You hit the polar bear.
You kick the polar bear, but do no damage.
The polar bear is almost dead.
The polar bear misses you. The polar bear barely misses you.
The polar bear claws you.
You die...

##..#####...####
#...# #....#.#
#..## ##.#..####
#..# ####....#
#..## ###..##
#...# ##..####
#..######
#....P#
##.#....#
###...#
#...@..P# ##...
##.h...## #...
#....## ###.
#.#..# #### #.
#.#.## ##..###
## #.###
#.....## # #.#
##......## #.##
###........###
#..#
#......(.....#


You could see a polar bear (berserk).

Vanquished Creatures
  A centaur warrior (D:11)
  Erica (D:8)
  Psyche (D:8)
  2 kobold demonologists (D:11)
  A guardian mummy (D:10)
  2 trolls (D:9)
  2 hippogriffs (D:9)
  A wyvern (D:8)
  3 wraiths
  2 hungry ghosts
  3 yaks (D:9)
  Grum (Lair:1)
  A basilisk (Lair:1)
  3 water moccasins
  2 porcupines
  3 ice beasts
  2 orc warriors
  2 sky beasts (D:6)
  An eye of draining (D:11)
  4 phantoms
  4 ogres
  A necrophage (D:9)
  9 wolves (Lair:1)
  8 centaurs
  2 crocodiles (Lair:2)
  2 big kobolds
  An elf zombie (D:9)
  7 bullfrogs
  4 jellies
  5 scorpions
  8 killer bees
  4 howler monkeys
  5 crimson imps
  8 orc priests
  3 centaur zombies
  A centaur skeleton (D:5)
  3 human zombies (D:9)
  4 hounds
  3 bullfrog skeletons
  4 iguanas
  15 orc wizards
  10 worker ants
  4 ogre zombies (D:11)
  3 hound zombies
  A hound skeleton (D:6)
  4 mummies (D:9)
  A howler monkey zombie (D:5)
  4 gnolls (D:3)
  3 worker ant zombies
  3 adders
  3 shadow imps
  4 worms (D:2)
  4 dart slugs
  5 leopard geckos
  44 orcs
  10 bats
  5 giant cockroaches
  5 goblins
  10 hobgoblins
  11 jackals
  13 kobolds
  2 ball pythons
  5 frilled lizards
  2 goblin skeletons (D:11)
  2 hobgoblin zombies (D:11)
  A jackal skeleton (D:5)
  An orc skeleton (D:11)
  11 orc zombies
  A quokka skeleton (D:5)
  10 rats
321 creatures vanquished.

Vanquished Creatures (others)
  2 hydras
  A two-headed ogre (D:7)
  2 death yaks
  An unseen horror (D:11)
  A black mamba (Lair:1)
  A vampire (D:11)
  An orc warrior (D:11)
  Ijyb (D:4)
  A fungus (Lair:2)
  A plant (D:11)
12 creatures vanquished.

Grand Total: 333 creatures vanquished

Notes
Turn   | Place    | Note
-------+----------+-------------------------------------------
     0 | Abyss:1  | Gargoyl the Centaur Abyssal Knight began the quest for the
                  | Orb.
     0 | Abyss:1  | Reached XP level 1. HP: 19/19 MP: 2/2
    67 | Abyss:1  | Noticed a small abomination
    81 | Abyss:1  | Noticed a raiju
    81 | Abyss:1  | Noticed a tentacled monstrosity
    82 | Abyss:1  | Noticed an eidolon
    84 | D:1      | Escaped the Abyss
   223 | D:1      | Reached XP level 2. HP: 22/26 MP: 3/3
   318 | D:1      | Reached * piety under Lugonu
   323 | D:1      | Reached skill level 1 in Dodging
   902 | D:1      | Reached XP level 3. HP: 31/31 MP: 4/4
  1519 | D:2      | Found a glowing golden altar of the Shining One.
  1678 | D:2      | Reached ** piety under Lugonu
  1799 | D:2      | Found an iron altar of Okawaru.
  1889 | D:2      | Found a shimmering altar of Xom.
  1940 | D:2      | Reached XP level 4. HP: 38/38 MP: 5/5
  2451 | D:3      | Reached XP level 5. HP: 24/45 MP: 7/7
  3551 | D:4      | Found a shattered altar of Ashenzari.
  3636 | D:4      | Reached XP level 6. HP: 45/52 MP: 8/8
  3742 | D:4      | Noticed Ijyb
  3764 | D:4      | Killed Ijyb
  4166 | D:4      | Found a white marble altar of Elyvilon.
  4434 | D:4      | Reached *** piety under Lugonu
  5448 | D:5      | Entered Level 5 of the Dungeon
  5490 | D:5      | Reached XP level 7. HP: 55/59 MP: 9/9
  6277 | D:5      | Found an opulent altar of Gozag.
  6535 | D:5      | Found a bloodstained altar of Trog.
  6611 | D:5      | Reached XP level 8. HP: 66/67 MP: 11/11
  6877 | D:6      | Reached skill level 5 in Axes
  6892 | D:6      | Reached **** piety under Lugonu
  7265 | D:6      | Reached skill level 5 in Fighting
  7486 | D:6      | Reached skill level 5 in Invocations
  7976 | D:7      | Found a staircase to the Ecumenical Temple.
  8150 | D:7      | Reached XP level 9. HP: 64/74 MP: 11/13
  8449 | D:8      | Noticed a two-headed ogre
  8652 | D:7      | Banished a two-headed ogre
  9313 | D:8      | Reached skill level 5 in Armour
  9497 | D:8      | Noticed Psyche
  9609 | D:8      | Killed Psyche
  9924 | D:8      | You fall into a shaft and drop 3 floors!
 10221 | D:11     | Noticed an eight-headed hydra
 10222 | D:11     | Banished an eight-headed hydra
 10516 | D:11     | Found a staircase to the Orcish Mines.
 10534 | D:11     | Reached XP level 10. HP: 74/83 MP: 14/14
 10572 | D:11     | Reached ***** piety under Lugonu
 10984 | D:11     | Noticed a smoke demon
 11352 | D:10     | Entered Level 10 of the Dungeon
 11358 | D:10     | Noticed a death yak
 11358 | D:10     | Noticed a death yak
 11358 | D:10     | Noticed a death knight
 11405 | D:10     | Got a polished battleaxe
 11420 | D:9      | Noticed Harold
 11421 | D:9      | Identified the cursed +1 battleaxe of Fee Simple
                  | {antimagic, rC+} (You found it on level 10 of the Dungeon)
 11859 | D:9      | Noticed a +0 dagger
 11860 | D:9      | Found a hide-covered altar of Uskayaw.
 11861 | D:9      | Noticed a +0 hand axe
 11879 | D:9      | HP: 2/83 [Harold/+3 halberd of protection (17)]
 11881 | D:9      | Banished Harold
 12049 | D:9      | Found a basalt altar of Yredelemnul.
 13569 | D:9      | Noticed Erica
 13599 | D:8      | Killed Erica
 13599 | D:8      | Reached skill level 5 in Dodging
 13880 | D:9      | Found a shadowy altar of Dithmenos.
 13910 | D:9      | Found a sacrificial altar of Ru.
 14330 | D:9      | Found an ancient bone altar of Kikubaaqudgha.
 14336 | D:9      | Reached XP level 11. HP: 91/91 MP: 16/16
 15705 | D:9      | Found a blossoming altar of Fedhas.
 15856 | D:10     | Noticed a death yak
 15894 | D:9      | Banished a death yak
 16187 | D:10     | Banished a death yak
 16338 | D:11     | Banished an unseen horror
 16641 | D:11     | Noticed a centaur warrior
 16661 | D:11     | Killed a centaur warrior
 17636 | D:11     | Noticed a two-headed ogre
 17653 | D:10     | Banished a death yak
 17955 | D:10     | Found a portal to a secret trove of treasure.
 18359 | D:10     | Found a staircase to the Lair.
 18370 | Lair:1   | Entered Level 1 of the Lair of Beasts
 19476 | Lair:1   | You fall into a shaft and drop 1 floor!
 19674 | Lair:1   | Noticed Grum
 19692 | Lair:1   | Killed Grum
 20101 | Lair:1   | Noticed a four-headed hydra
 20105 | Lair:1   | Banished a four-headed hydra
 20979 | Lair:1   | HP: 4/92 [polar bear (6)]
 20981 | Lair:1   | Slain by a polar bear

Illustrated notes

Levels and vault maps discovered:
D:1:      dpeg_arrival_court, layout_basic
D:2:      layout_basic, lemuel_coloured_pillars_altar, tso_metal_star,
          okawaru_metal_pillars_1_2
D:3:      kennysheep_big_flooded_room, layout_basic, first_ration
D:4:      layout_layer_cave, evilmike_ruin_ashenzari, overflow_temple_1_default,
          serial_bayou, serial_bayou_pond_c, serial_bayou_lake_a,
          serial_bayou_ford_a, serial_bayou_pond_c, amethyst_killhole, uniq_ijyb
D:5:      layout_loops_ring, grunt_gozag_breadcrumbs, bloody_trog, minivault_27
D:6:      layout_basic
D:7:      layout_rooms, minmay_temple_entry_gardened_gates
D:8:      layout_gridville, uniq_psyche
D:9:      layout_loops_ring, lemuel_mausoleum_altar_kikubaaqudgha,
          overflow_temple_1_default, fedhas_altar_4, lemuel_crystal_altar,
          nicolae_overflow_hidden_temple, dancing_weapons_uskayaw, uniq_erica,
          uniq_harold
D:10:     layout_loops_cross, dpeg_lair_monsters,
          nicolae_trove_entry_path_of_doom
D:11:     layout_loops_corners, zombieorc1_lemuel, blue_anna_alchemist
          [blue_anna_fruit_fields, blue_anna_fruit_fields]
Lair:1:   beast_lair_carwin_large_1, layout_cave_pods, uniq_grum
Lair:2:   layout_loops_ring, shoals_dummy_entry, grunt_forest_stairs_clearing,
          minmay_lair_oklob_chamber, grunt_megastairs_2, serial_bayou_shore_b

Skill      XL: |  1  2  3  4  5  6  7  8  9 10 11 |
---------------+----------------------------------+-----
Dodging        | 1 2 3 4 5 |  5.8
Axes           | 2 3 4 6 7 8 9 |  9.4
Armour         | 2 3 4 5 7 8 |  8.5
Invocations    | 3 4 5 6 7 9 |  9.4
Fighting       | 4 5 6 7 |  7.1

Action                   |  1- 3 |  4- 6 |  7- 9 | 10-12 || total
-------------------------+-------+-------+-------+-------++-------
Melee: Hand axe          |   128 |   165 |   335 |   658 ||  1286
       Kick              |    26 |    37 |    84 |   169 ||   316
Invok: Depart the Abyss  |     1 |       |       |       ||     1
       Banish            |       |       |     2 |    19 ||    21
  Use: Scroll            |     1 |    12 |     5 |    12 ||    30
       Potion            |       |     1 |     2 |     9 ||    12
  Eat: Chunk             |     2 |     9 |     6 |    22 ||    39
       Ration            |       |       |     3 |     6 ||     9
Armor: Leather armour    |    30 |       |       |       ||    30
       Chain mail        |    68 |   111 |       |   104 ||   283
       Steam dragon scal |       |    15 |    26 |       ||    41
       Plate armour      |       |       |   213 |   311 ||   524
       Skin              |       |       |       |     1 ||     1
Dodge: Dodged            |    59 |    51 |    90 |   150 ||   350

Table legend:
 A = Non-vault XP
 B = Vault XP
 C = Vault XP percentage of total XP
 D = Non-vault monster count
 E = Vault monster count
 F = Vault count percentage of total count
                 A         B        C        D         E       F
            +---------+---------+-------+---------+---------+-------
      Total |   14774 |    7008 |  32.2 |     273 |      59 |  17.8
            +---------+---------+-------+---------+---------+-------
        D:1 |      45 |       0 |   0.0 |      24 |       0 |   0.0
        D:2 |      58 |       0 |   0.0 |      27 |       0 |   0.0
        D:3 |     257 |       2 |   0.8 |      26 |       2 |   7.1
        D:4 |     303 |       0 |   0.0 |      12 |       0 |   0.0
        D:5 |     807 |       0 |   0.0 |      31 |       0 |   0.0
        D:6 |     898 |       0 |   0.0 |      23 |       0 |   0.0
        D:7 |    1457 |       0 |   0.0 |      21 |       0 |   0.0
        D:8 |    1403 |    1331 |  48.7 |      30 |       2 |   6.2
        D:9 |    2521 |    2102 |  45.5 |      23 |      14 |  37.8
       D:10 |     408 |    1431 |  77.8 |      12 |       5 |  29.4
       D:11 |    4705 |     679 |  12.6 |      35 |      23 |  39.7
     Lair:1 |    1571 |    1268 |  44.7 |       6 |      11 |  64.7
     Lair:2 |     341 |     195 |  36.4 |       3 |       2 |  40.0
            +---------+---------+-------+---------+---------+-------
